 Dungeon Crawl Stone Soup version 0.25.0-1-g7eea58d2a3 (webtiles) character file.

Game seed: 484338192159220337

1892 Delamore the Cleaver (level 9, -2/70 HPs)
             Began as a Hill Orc Monk on June 14, 2020.
             Was a Believer of Okawaru.
             Slain by a yak (6 damage)
             ... on level 8 of the Dungeon.
             The game lasted 00:07:50 (7187 turns).

Delamore the Cleaver (Hill Orc Monk)                Turns: 7187, Time: 00:07:51

Health: -2/70      AC: 10    Str: 15 (17) XL:     9   Next: 15%
Magic:  9/9        EV: 10    Int:  8 (10) God:    Okawaru [**....]
Gold:   400        SH:  0    Dex: 13      Spells: 8/8 levels left

rFire    . . .     SeeInvis .   w - +0 war axe
rCold    . . .     Gourm    .   (no shield)
rNeg     . . .     Faith    .   e - +0 scale mail
rPois    .         Spirit   .   (no helmet)
rElec    .         Reflect  .   (no cloak)
rCorr    .         Harm     .   t - +0 pair of gloves
MR       .....                  m - +2 pair of boots
Stlth    ..........             (no amulet)
HPRegen  0.21/turn              (no ring)
MPRegen  0.11/turn              (no ring)

@: very slightly contaminated, invisible
A: no striking features
a: Heroism, Renounce Religion


You were on level 8 of the Dungeon.
You worshipped Okawaru.
Okawaru was pleased with you.
You were very hungry.

You visited 2 branches of the dungeon, and saw 9 of its levels.

You collected 400 gold pieces.

Inventory:

Hand Weapons
 w - a +0 war axe (weapon)
 x - a +0 broad axe
Missiles
 o - 18 poisoned darts (quivered)
Armour
 e - a +0 scale mail (worn)
 m - a +2 pair of boots (worn)
 p - a +0 chain mail
 t - a +0 pair of gloves (worn)
Jewellery
 s - the ring of Horchoah {+Fly rF+++ rC+ rCorr Str-4}
   (You found it on level 7 of the Dungeon)

   [ring of resist corrosion]

   It affects your strength (-4).
   It renders you almost immune to fire.
   It protects you from cold.
   It lets you fly.
   It provides partial protection from all sources of acid and corrosion.
Wands
 d - a wand of digging (11)
 q - a wand of acid (8)
 v - a wand of flame (20)
Scrolls
 g - 6 scrolls of teleportation
 j - a scroll of immolation
 k - 2 scrolls of fog
 l - a scroll of fear
 n - a scroll of enchant weapon
 r - a scroll of random uselessness
 u - 4 scrolls of remove curse
Potions
 a - a potion of degeneration
 b - a potion of cancellation
 f - a potion of invisibility
 h - 2 potions of curing
 i - 2 potions of brilliance
Comestibles
 c - 15 rations


   Skills:
 - Level 3.6 Fighting
 + Level 14.7 Axes
 - Level 2.4 Dodging
 - Level 1.5 Stealth


You had 8 spell levels left.
You didn't know any spells.
Your spell library contained the following spells:

 Spells                   Type           Power        Failure   Level  Hunger
 Animate Skeleton         Necr           N/A          88%         1    ##.....
 Apportation              Tloc           #.....       88%         1    ##.....
 Corona                   Hex            #......      88%         1    ##.....
 Summon Small Mammal      Summ           #...         88%         1    ##.....


Dungeon Overview and Level Annotations

Branches:
Dungeon (8/15)             Temple (1/1) D:6
   Lair: D:8-11

Altars:
Ashenzari
Cheibriados
Dithmenos
Elyvilon
Fedhas
Gozag
Hepliaklqana
Kikubaaqudgha
Makhleb
Nemelex Xobeh
Okawaru
Qazlal
Ru
Sif Muna
Trog
Uskayaw
Vehumet
Wu Jian
Xom
Yredelemnul
Zin
The Shining One

Shops:
D:6 =   D:7 ?

Annotations:
D:8 Harold


Message History

The yak gores you.
* * * LOW HITPOINT WARNING * * *
You hit the yak but do no damage.
The yak is heavily wounded.
You catch the helpless yak completely off-guard!
You hit the yak.
The yak is severely wounded.
You hit the yak but do no damage.
The yak is severely wounded.
The yak closely misses you.
You hit the yak.
The yak is almost dead.
The yak gores you but does no damage.
You catch the helpless yak completely off-guard!
You hit the yak but do no damage.
The yak is almost dead.
You hit the yak but do no damage.
The yak is almost dead.
The yak gores you.
You die...

.....#.#.......#.#
Y...#...........#
...###.......###
..# #####...# #Y#
##..#
#S########..#
#5Y........>#
#Y###########
##@## #...# #...#
#...# #...# #...#
...## ##.# #.#


You could see 3 yaks, an adder and a shadow imp.

Vanquished Creatures
  Pikel (D:5)
  2 yaks (D:8)
  3 ice beasts
  2 phantoms
  A necrophage (D:7)
  2 bullfrogs
  A crimson imp (D:5)
  3 orc wizards
  An orc priest (D:6)
  A centaur skeleton (D:5)
  Ijyb (D:3)
  An iguana (D:6)
  A worker ant (D:8)
  A howler monkey zombie (D:5)
  4 gnolls
  10 adders
  A shadow imp (D:8)
  An ooze (D:6)
  An adder skeleton (D:4)
  4 worms
  2 dart slugs
  A leopard gecko (D:6)
  11 orcs
  3 giant cockroaches
  6 goblins
  3 hobgoblins
  5 jackals
  5 kobolds
  3 quokkas
  2 ball pythons (D:1)
  6 bats
  4 frilled lizards
  A quokka skeleton (D:4)
  4 rats
98 creatures vanquished.

Notes
Turn   | Place    | Note
-------+----------+-------------------------------------------
     0 | D:1      | Delamore the Hill Orc Monk began the quest for the Orb.
     0 | D:1      | Reached XP level 1. HP: 19/19 MP: 1/1
   190 | D:1      | Reached XP level 2. HP: 25/26 MP: 2/2
   223 | D:1      | Reached skill level 5 in Axes
   582 | D:2      | Reached XP level 3. HP: 31/31 MP: 3/3
  1241 | D:2      | Reached skill level 6 in Axes
  1444 | D:2      | Reached XP level 4. HP: 17/39 MP: 4/4
  2111 | D:3      | Reached skill level 7 in Axes
  2150 | D:3      | Reached XP level 5. HP: 21/45 MP: 5/5
  2448 | D:3      | Noticed Ijyb
  2497 | D:3      | Killed Ijyb
  2854 | D:4      | Reached skill level 8 in Axes
  2873 | D:4      | Noticed a phantom
  2926 | D:4      | Killed a phantom
  2926 | D:4      | Reached XP level 6. HP: 18/51 MP: 6/6
  3619 | D:5      | Entered Level 5 of the Dungeon
  3703 | D:5      | Reached skill level 9 in Axes
  4006 | D:5      | Found a snail-covered altar of Cheibriados.
  4498 | D:5      | Noticed a phantom
  4523 | D:5      | Killed a phantom
  4523 | D:5      | Reached skill level 10 in Axes
  4523 | D:5      | Reached XP level 7. HP: 48/57 MP: 7/7
  4642 | D:5      | Noticed Pikel
  4691 | D:5      | Killed Pikel
  4691 | D:5      | Reached skill level 12 in Axes
  4691 | D:5      | Reached XP level 8. HP: 35/64 MP: 8/8
  4892 | D:6      | Found Koigip's Jewellery Emporium.
  4925 | D:6      | Found a staircase to the Ecumenical Temple.
  4941 | Temple   | Entered the Ecumenical Temple
  4988 | Temple   | Became a worshipper of Warmaster Okawaru
  4988 | Temple   | Reached * piety under Okawaru
  4988 | Temple   | Reached ** piety under Okawaru
  5263 | D:6      | Found a hazy altar of Hepliaklqana.
  5266 | D:6      | Found a blossoming altar of Fedhas.
  5271 | D:6      | Found an ornate altar of the Wu Jian Council.
  6251 | D:7      | Found Ihoddof's Magic Scroll Emporium.
  6289 | D:7      | Reached skill level 13 in Axes
  6374 | D:7      | Found a bloodstained altar of Trog.
  6399 | D:7      | Got a bound iron ring
  6400 | D:7      | Identified the ring of Horchoah {+Fly rF+++ rC+ rCorr
                  | Str-4} (You found it on level 7 of the Dungeon)
  6735 | D:7      | Found a glowing silver altar of Zin.
  6908 | D:8      | Noticed Harold
  7145 | D:8      | Noticed a yak
  7145 | D:8      | Noticed a yak
  7145 | D:8      | Noticed a yak
  7145 | D:8      | Noticed a yak
  7145 | D:8      | Noticed a yak
  7150 | D:8      | Killed a yak
  7150 | D:8      | Reached skill level 14 in Axes
  7150 | D:8      | Reached XP level 9. HP: 60/70 MP: 9/9
  7187 | D:8      | Slain by a yak

Illustrated notes

Levels and vault maps discovered:
D:1:      dpeg_arrival_lava_temple_mockup, layout_rooms
D:2:      layout_basic
D:3:      layout_basic, uniq_ijyb
D:4:      layout_loops_cross
D:5:      layout_gridville, slow_altar_1, first_ration, uniq_pikel
D:6:      layout_loops_ring, grunt_temple_overflow_diamond,
          minmay_temple_entry_waves, serial_shops, nicolae_shop_crystal
D:7:      layout_loops_ring, lemuel_round_altar, lemuel_doored_altar,
          serial_shops, shop
D:8:      layout_basic, enter_bailey_2, uniq_psyche, uniq_harold
Temple:   regret_index_temple_sphere_string

Skill      XL: |  1  2  3  4  5  6  7  8 |
---------------+-------------------------+-----
Axes           | 5 6 7 8 10 12 14 | 14.7
Fighting       | |  3.6
Dodging        | |  2.4
Stealth        | |  1.5

Action                   |  1- 3 |  4- 6 |  7- 9 || total
-------------------------+-------+-------+-------++-------
Melee: Hand axe          |   108 |   269 |    94 ||   471
       War axe           |       |       |   105 ||   105
  Use: Scroll            |       |     6 |     4 ||    10
       Potion            |       |       |     5 ||     5
 Stab: Invisible         |       |       |     4 ||     4
  Eat: Chunk             |     2 |     5 |     5 ||    12
       Ration            |       |     1 |     1 ||     2
Armor: Scale mail        |    60 |    89 |    47 ||   196
       Robe              |     1 |       |       ||     1
Dodge: Dodged            |    81 |   112 |    71 ||   264
